 Dungeon Crawl Stone Soup version 0.27-a0-607-g1ad3dbde53 (webtiles) character file.

Game seed: 17739140195815366413

42 Gaff the Skirmisher (level 3, -9/36 HPs)
             Began as an Ogre Warper on Mar 13, 2021.
             Mangled by an orc
             ... wielding a +0 war axe
              (14 damage)
             ... on level 3 of the Dungeon.
             The game lasted 00:02:00 (890 turns).

Gaff the Skirmisher (Ogre Warper)                    Turns: 890, Time: 00:02:01

Health: -9/36      AC:  3    Str: 16    XL:     3   Next: 56%
Magic:  6/6        EV: 10    Int: 14    God:
Gold:   10         SH:  0    Dex:  8    Spells: 7/7 levels left

rFire    . . .     SeeInvis .   a - +0 mace
rCold    . . .     Faith    .   (no shield)
rNeg     . . .     Spirit   .   b - +0 robe
rPois    .         Reflect  .   (helmet restricted)
rElec    .         Harm     .   (no cloak)
rCorr    .         Rampage  .   (gloves unavailable)
Will     .....                  (boots unavailable)
Stlth    +.........             (no amulet)
HPRegen  0.12/turn              (no ring)
MPRegen  0.10/turn              (no ring)

@: no status effects
A: large, unfitting armour, tough skin 1
a: no special abilities


You were on level 3 of the Dungeon.
You visited 1 branch of the dungeon, and saw 3 of its levels.

You collected 10 gold pieces.

Inventory:

Hand Weapons
 a - a +0 mace (weapon)
 f - a +1 short sword of draining
Missiles
 e - 5 boomerangs of dispersal (quivered)
Armour
 b - a +0 robe (worn)
Scrolls
 c - a scroll of teleportation {unknown}
 d - a scroll of blinking


   Skills:
 + Level 2.9 Fighting
 + Level 2.5 Maces & Flails
 + Level 1.2 Throwing
 + Level 2.8 Dodging
 + Level 0.2 Stealth
 + Level 2.5 Spellcasting
 + Level 2.7 Translocations


You had 7 spell levels left.
You didn't know any spells.
Your spell library contained the following spells:

 Spells                   Type           Power      Damage    Failure   Level
 Blink                    Tloc           N/A        N/A       11%         2
 Gell's Gravitas          Tloc           4%         N/A       22%         3
 Lesser Beckoning         Tloc           4%         N/A       22%         3
 Teleport Other           Tloc           9%         N/A       22%         3
 Manifold Assault         Tloc           9%         N/A       58%         4


Dungeon Overview and Level Annotations

Branches:
Dungeon (3/15)

Altars:

Annotations:
D:2 Natasha


Innate Abilities, Weirdness & Mutations

You are too large for most types of armour.
You have tough skin. (AC +1)


Message History

The orc is heavily wounded.
The orc hits you with a +0 mace.
* * * LOW HITPOINT WARNING * * *
You hit the orc.
You kill the orc! 2 orcs come into view.
The orc shouts! x2
An orc wizard comes into view. It is wielding a +0 dagger.
Things that are here:
a +0 mace; an orc corpse; an adder corpse The ball python hisses angrily.
The ball python closely misses you. The ball python barely misses you.
You hit the ball python.
You kill the ball python!
The orc wizard shouts!
You closely miss the orc. The orc completely misses you.
The orc hits you with a +0 war axe!
* * * LOW HITPOINT WARNING * * *
You barely miss the orc. The orc hits you but does no damage.
The orc wizard casts a spell at you. The magic dart hits you.
* * * LOW HITPOINT WARNING * * *
The orc wizard gestures at you while chanting.
You are confused.
The orc hits you with a +0 war axe.
* * * LOW HITPOINT WARNING * * *
You don't know any spells.
Sorry, you're not good enough to have a special ability.
Unknown command.
You are too confused!
Unknown command.
Unknown command.
Unknown command.
You aren't carrying any potions.
Unknown command.
The orc hits you but does no damage.
You feel less confused. The orc hits you with a +0 war axe!
You die...

.........#.# #8...8#
#######.#..# ##...##
###.o####o..# #
#..<.##...## #.
#.##รท#8...8#
#.#######.##.##...##
#......o....##.....#
###.#########..!.... #@#
#8........ .#####o####
##.........
...........###.....###..
#.########o##.?...# #.
#.#8....8# 8 #o##...###
#.o....# ########


You could see an orc.

Vanquished Creatures
  2 adders
  2 orcs (D:3)
  3 giant cockroaches
  2 goblins (D:1)
  2 hobgoblins (D:2)
  3 jackals (D:3)
  A kobold (D:1)
  A ball python (D:3)
  2 bats
  2 frilled lizards
20 creatures vanquished.

Vanquished Creatures (others)
  A plant (D:1)
1 creature vanquished.

Grand Total: 21 creatures vanquished

Notes
Turn   | Place    | Note
-------+----------+-------------------------------------------
     0 | D:1      | Gaff the Ogre Warper began the quest for the Orb.
     0 | D:1      | Reached XP level 1. HP: 22/22 MP: 3/3
    49 | D:1      | Reached XP level 2. HP: 24/29 MP: 3/5
   192 | D:1      | You fall into a shaft and drop 1 floor!
   507 | D:3      | Reached XP level 3. HP: 17/36 MP: 6/6
   696 | D:2      | Noticed Natasha
   890 | D:3      | Mangled by an orc

Illustrated notes

Levels and vault maps discovered:
D:1:      mrwooster_arrival_arrow, layout_basic, serial_forest,
          infiniplex_forest_3_way, infiniplex_forest_diagonal,
          infiniplex_forest_straight_2, infiniplex_forest_clump_curved,
          infiniplex_forest_end_3, infiniplex_forest_lined_1,
          infiniplex_forest_end_2
D:2:      layout_loops_ring, nicolae_overflow_crystal_walls,
          nicolae_vehumet_altar_sigil, hangedman_decor_growths, uniq_natasha,
          uniq_terence
D:3:      layout_loops_ring, lemuel_round_altar,
          chequers_ecumenical_altar_simple, chequers_hall_statues_y,
          nicolae_qazlal_eye_of_the_storm

Skill      XL: |  1  2 |
---------------+-------+-----
Maces & Flails | 2 |  2.5
Fighting       | |  2.9
Throwing       | |  1.2
Dodging        | |  2.8
Stealth        | |  0.2
Spellcasting   | |  2.5
Translocations | |  2.7

Action                   || total
-------------------------++-------
Melee: Mace              ||    71
Armor: Robe              ||    53
Dodge: Dodged            ||    77

Table legend: (Time is in decaauts)
 A = Elapsed time spent in this place.
 B = Non-inter-level travel time spent in this place.
 C = Inter-level travel time spent in this place.
 D = Time resting spent in this place.
 E = Time spent auto-exploring this place.
 F = Levels seen in this place.
 G = Mean time per level.
                   A        B        C        D        E       F      G
               +--------+--------+--------+--------+--------+-----+--------+
         Total |    912 |    912 |      0 |    404 |    259 |   3 |  304.0 |
       Dungeon |    912 |    912 |      0 |    404 |    259 |   3 |  304.0 |
               +--------+--------+--------+--------+--------+-----+--------+

Top non-repeatable levels by time:
     D:3: 625 daAuts
     D:1: 200 daAuts
     D:2: 87 daAuts
